General information
- name: BNet
- type: Ladder team game (AT/RT)
- host: Battle.net
- saver: JaguarPaw
map: FullScaleAssault
- players: 8
- length: 58:46
- speed: Fast
- version: 1.27 W3XP
- replay type: Public
» download(250 KB)
Players
team 1 (winner)
JaguarPaw (
purple | 51 APM | 3017 actions | 58:46)
10 Blademaster
3 Wind Walk
3 Critical Strike
1 Bladestorm
3 Mirror Image
» actions
| Assign group hotkey | 52 | |
| Basic commands | 52 | |
| Build / train | 102 | |
| Enter build submenu | 67 | |
| Enter hero's abilities submenu | 11 | |
| Give item / drop item | 9 | |
| Remove unit from queue | 9 | |
| Right click | 1273 | |
| Select / deselect | 677 | |
| Select group hotkey | 449 | |
| Use ability | 315 | |
3017 total
» units
| Peon | 18 | |
| Grunt | 4 | |
| Goblin Shredder | 2 | |
| Troll Batrider | 8 | |
| Goblin Sapper | 3 | |
| Goblin Zeppelin | 7 | |
| Blue Dragon | 3 | |
| Wind Rider | 1 | |
| Demolisher | 8 | |
| Acolyte | 1 | |
55 total
» upgrades
| Liquid Fire | 1 | |
| Ranged Weapons | 3 | |
| Armor | 3 | |
| Troll Regeneration | 1 | |
| Reinforced Defenses | 1 | |
| Backpack | 0 | |
| Burning Oil | 1 | |
10 total
» buildings
| Orc Burrow | 13 | |
| Altar of Storms | 3 | |
| Barracks | 4 | |
| Voodoo Lounge | 3 | |
| Stronghold | 2 | |
| War Mill | 3 | |
| Great Hall | 4 | |
| Watch Tower | 37 | |
| Beastiary | 7 | |
| Fortress | 2 | |
| Tree of Ages | 1 | |
79 total
» build order
00:13 Orc Burrow
00:24 Orc Burrow
00:31 Orc Burrow
00:58 Altar of Storms
01:05 Barracks
01:46 Voodoo Lounge
03:10 Stronghold
03:59 War Mill
04:09 Orc Burrow
05:29 Great Hall
05:48 Watch Tower
05:48 Watch Tower
05:50 Watch Tower
05:52 Watch Tower
06:30 Orc Burrow
06:40 Watch Tower
07:16 Beastiary
07:19 Beastiary
09:04 Fortress
11:52 War Mill
16:06 Beastiary
16:08 Beastiary
19:06 Great Hall
19:12 Watch Tower
19:13 Watch Tower
19:13 Watch Tower
19:14 Watch Tower
19:14 Watch Tower
19:15 Watch Tower
19:15 Watch Tower
19:20 War Mill
20:53 Watch Tower
20:54 Watch Tower
20:54 Watch Tower
21:12 Watch Tower
21:13 Watch Tower
21:15 Watch Tower
21:16 Watch Tower
22:40 Altar of Storms
22:43 Altar of Storms
22:44 Stronghold
24:35 Orc Burrow
26:15 Orc Burrow
26:17 Orc Burrow
26:21 Fortress
30:41 Great Hall
30:52 Watch Tower
30:53 Watch Tower
30:54 Watch Tower
30:55 Watch Tower
30:55 Watch Tower
30:55 Watch Tower
30:56 Watch Tower
30:57 Watch Tower
30:57 Watch Tower
30:58 Voodoo Lounge
33:47 Beastiary
33:53 Beastiary
33:56 Beastiary
39:22 Barracks
39:23 Barracks
39:25 Barracks
40:38 Orc Burrow
40:40 Orc Burrow
40:41 Orc Burrow
40:44 Orc Burrow
40:47 Orc Burrow
45:19 Tree of Ages
49:20 Great Hall
49:23 Watch Tower
49:24 Watch Tower
49:24 Watch Tower
49:25 Watch Tower
49:26 Watch Tower
49:27 Voodoo Lounge
» items
| Healing Salve | 4 | |
| Boots of Speed | 1 | |
| Orb of Lightning | 1 | |
| Potion of Mana | 2 | |
| Lesser Clarity Potion | 1 | |
| Scroll of Town Portal | 2 | |
11 total
Mystery (
yellow | 20 APM | 732 actions | 37:24)
6 Demon Hunter
3 Immolation
2 Evasion
1 Metamorphosis
» actions
| Basic commands | 18 | |
| Build / train | 108 | |
| Enter build submenu | 27 | |
| Enter hero's abilities submenu | 6 | |
| Give item / drop item | 1 | |
| Remove unit from queue | 1 | |
| Right click | 282 | |
| Select / deselect | 229 | |
| Use ability | 60 | |
732 total
» units
| Wisp | 23 | |
| Archer | 8 | |
| Huntress | 5 | |
| Hippogryph | 5 | |
| Druid of the Talon | 5 | |
| Dryad | 5 | |
| Druid of the Claw | 5 | |
| Chimaera | 25 | |
81 total
» upgrades
| Strength of the Moon | 2 | |
| Moon Armor | 2 | |
| Strength of the Wild | 2 | |
| Reinforced Hides | 2 | |
| Ultravision | 1 | |
| Improved Bows | 1 | |
| Hippogryph Taming | 1 | |
| Druid of the Talon Training | 1 | |
| Abolish Magic | 1 | |
| Druid of the Claw Training | 1 | |
| Corrosive Breath | 1 | |
15 total
» buildings
| Moon Well | 8 | |
| Altar of Elders | 2 | |
| Ancient of War | 1 | |
| Hunter's Hall | 1 | |
| Tree of Ages | 2 | |
| Tree of Life | 3 | |
| Ancient of Wind | 1 | |
| Ancient of Lore | 1 | |
| Tree of Eternity | 2 | |
| Chimaera Roost | 3 | |
24 total
» build order
00:22 Moon Well
00:36 Altar of Elders
01:23 Ancient of War
01:44 Moon Well
02:38 Hunter's Hall
02:54 Moon Well
04:26 Moon Well
06:51 Tree of Ages
07:26 Tree of Life
07:44 Moon Well
09:18 Ancient of Wind
13:22 Moon Well
16:16 Ancient of Lore
17:11 Moon Well
20:12 Tree of Eternity
22:36 Tree of Ages
23:23 Tree of Life
25:50 Altar of Elders
26:54 Tree of Eternity
30:14 Chimaera Roost
30:22 Chimaera Roost
30:44 Chimaera Roost
31:49 Moon Well
36:09 Tree of Life

»
LoSeR. (
green | 14 APM | 740 actions | 54:34)
3 Shadow Hunter
1 Serpent Ward
2 Healing Wave
1 Dark Ranger
1 Black Arrow
» actions
| Assign group hotkey | 10 | |
| Basic commands | 13 | |
| Build / train | 79 | |
| Enter build submenu | 41 | |
| Enter hero's abilities submenu | 4 | |
| Remove unit from queue | 1 | |
| Right click | 243 | |
| Select / deselect | 223 | |
| Select group hotkey | 16 | |
| Use ability | 110 | |
740 total
» units
| Peon | 11 | |
| Grunt | 12 | |
| Raider | 8 | |
| Frost Wyrm | 11 | |
| Acolyte | 12 | |
| Ghoul | 4 | |
58 total
» upgrades
| Melee Weapons | 2 | |
| Armor | 2 | |
| Spiked Barricades | 1 | |
| Ensnare | 1 | |
| Pillage | 1 | |
| Freezing Breath | 1 | |
8 total
» buildings
| Altar of Storms | 1 | |
| Orc Burrow | 7 | |
| Barracks | 1 | |
| War Mill | 1 | |
| Stronghold | 1 | |
| Beastiary | 1 | |
| Fortress | 1 | |
| Ziggurat | 13 | |
| Spirit Tower | 4 | |
| Necropolis | 4 | |
| Halls of the Dead | 1 | |
| Graveyard | 1 | |
| Crypt | 1 | |
| Tomb of Relics | 1 | |
| Altar of Darkness | 1 | |
39 total
» build order
00:24 Altar of Storms
00:38 Orc Burrow
01:22 Barracks
01:37 Orc Burrow
02:36 Orc Burrow
03:36 War Mill
03:40 Stronghold
05:45 Orc Burrow
05:47 Orc Burrow
06:20 Beastiary
09:57 Fortress
10:06 Orc Burrow
10:08 Orc Burrow
19:55 Ziggurat
19:59 Ziggurat
20:05 Ziggurat
20:10 Ziggurat
21:04 Spirit Tower
21:32 Spirit Tower
27:28 Necropolis
29:03 Necropolis
33:20 Necropolis
38:34 Necropolis
43:37 Halls of the Dead
43:44 Ziggurat
43:48 Ziggurat
43:50 Ziggurat
43:55 Ziggurat
43:59 Ziggurat
44:02 Ziggurat
44:05 Ziggurat
44:08 Ziggurat
44:13 Ziggurat
45:09 Graveyard
45:15 Crypt
45:21 Tomb of Relics
45:27 Altar of Darkness
47:08 Spirit Tower
48:22 Spirit Tower
AngelwingXVI (
red | 33 APM | 552 actions | 16:54)
4 Dark Ranger
2 Black Arrow
2 Life Drain
» actions
| Basic commands | 38 | |
| Build / train | 49 | |
| Enter build submenu | 16 | |
| Enter hero's abilities submenu | 5 | |
| Give item / drop item | 1 | |
| Right click | 194 | |
| Select / deselect | 216 | |
| Use ability | 33 | |
552 total
» units
| Acolyte | 4 | |
| Ghoul | 9 | |
| Crypt Fiend | 6 | |
| Banshee | 3 | |
| Blue Drake | 1 | |
| Blue Dragon Whelp | 1 | |
| Frost Wyrm | 4 | |
28 total
» upgrades
| Creature Carapace | 2 | |
| Creature Attack | 3 | |
| Burrow | 1 | |
| Web | 1 | |
| Banshee Training | 2 | |
| Ghoul Frenzy | 1 | |
10 total
» buildings
| Crypt | 1 | |
| Graveyard | 1 | |
| Ziggurat | 5 | |
| Altar of Darkness | 1 | |
| Halls of the Dead | 1 | |
| Nerubian Tower | 2 | |
| Temple of the Damned | 2 | |
| Tomb of Relics | 1 | |
| Black Citadel | 1 | |
| Sacrificial Pit | 1 | |
| Spirit Tower | 1 | |
| Boneyard | 1 | |
18 total
» build order
00:12 Crypt
00:20 Graveyard
00:42 Ziggurat
01:00 Altar of Darkness
02:13 Ziggurat
02:49 Halls of the Dead
03:37 Nerubian Tower
05:32 Ziggurat
05:35 Ziggurat
05:39 Temple of the Damned
05:43 Temple of the Damned
05:58 Tomb of Relics
08:32 Black Citadel
09:19 Sacrificial Pit
12:52 Spirit Tower
13:03 Boneyard
13:14 Ziggurat
team 2 (loser)
Poz (
orange | 80 APM | 4703 actions | 58:45)
10 Blademaster
3 Wind Walk
3 Critical Strike
1 Bladestorm
3 Mirror Image
1 Tauren Chieftain
1 Endurance Aura
1 Goblin Tinker
1 Engineering Upgrade
» actions
| Assign group hotkey | 91 | |
| Basic commands | 381 | |
| Build / train | 171 | |
| ESC pressed | 9 | |
| Enter build submenu | 67 | |
| Enter hero's abilities submenu | 12 | |
| Give item / drop item | 8 | |
| Right click | 1986 | |
| Select / deselect | 483 | |
| Select group hotkey | 1171 | |
| Use ability | 324 | |
4703 total
» units
| Peon | 22 | |
| Grunt | 11 | |
| Goblin Shredder | 6 | |
| Goblin Zeppelin | 14 | |
| Goblin Sapper | 17 | |
| Wind Rider | 10 | |
| Demolisher | 3 | |
83 total
» upgrades
| Melee Weapons | 1 | |
| Berserker Strength | 1 | |
| Pillage | 1 | |
| Armor | 3 | |
| Reinforced Defenses | 1 | |
| Envenomed Spears | 1 | |
| Ranged Weapons | 3 | |
| Spiked Barricades | 3 | |
| Burning Oil | 1 | |
15 total
» buildings
| Orc Burrow | 7 | |
| Altar of Storms | 1 | |
| Barracks | 6 | |
| Voodoo Lounge | 2 | |
| War Mill | 1 | |
| Stronghold | 5 | |
| Great Hall | 6 | |
| Watch Tower | 51 | |
| Fortress | 5 | |
| Beastiary | 3 | |
87 total
» build order
00:20 Orc Burrow
01:06 Altar of Storms
01:15 Orc Burrow
01:31 Barracks
01:49 Voodoo Lounge
02:44 War Mill
03:46 Orc Burrow
04:19 Stronghold
04:19 Stronghold
04:19 Stronghold
04:19 Stronghold
06:57 Great Hall
07:54 Watch Tower
07:55 Watch Tower
07:56 Watch Tower
07:58 Watch Tower
08:50 Fortress
08:50 Fortress
08:50 Fortress
08:57 Watch Tower
09:05 Watch Tower
10:30 Beastiary
10:33 Beastiary
10:36 Watch Tower
12:03 Watch Tower
12:06 Watch Tower
12:18 Watch Tower
12:24 Watch Tower
13:28 Great Hall
13:31 Watch Tower
13:32 Watch Tower
14:04 Watch Tower
15:42 Watch Tower
15:43 Watch Tower
15:51 Watch Tower
15:58 Watch Tower
19:13 Orc Burrow
19:14 Orc Burrow
19:20 Beastiary
22:04 Orc Burrow
22:06 Orc Burrow
24:27 Watch Tower
24:27 Watch Tower
24:28 Watch Tower
24:29 Watch Tower
24:31 Watch Tower
24:31 Watch Tower
24:33 Watch Tower
24:34 Watch Tower
24:35 Watch Tower
24:36 Watch Tower
24:37 Watch Tower
24:40 Watch Tower
24:42 Watch Tower
33:27 Great Hall
33:30 Watch Tower
33:31 Watch Tower
33:33 Watch Tower
33:35 Watch Tower
33:37 Watch Tower
33:38 Watch Tower
33:39 Watch Tower
33:40 Watch Tower
33:41 Watch Tower
33:43 Watch Tower
36:12 Great Hall
36:15 Great Hall
38:39 Great Hall
38:41 Watch Tower
38:42 Watch Tower
39:10 Voodoo Lounge
39:15 Watch Tower
39:16 Watch Tower
39:17 Watch Tower
39:18 Watch Tower
39:19 Watch Tower
39:20 Watch Tower
39:20 Watch Tower
39:34 Watch Tower
39:46 Barracks
39:47 Barracks
39:52 Barracks
39:59 Barracks
40:02 Barracks
» items
| Healing Salve | 7 | |
| Lesser Clarity Potion | 3 | |
| Boots of Speed | 4 | |
| Orb of Lightning | 1 | |
| Scroll of Town Portal | 2 | |
| Staff of Teleportation | 3 | |
| Periapt of Vitality | 2 | |
| Circlet of Nobility | 2 | |
24 total
alias.abdullah (
blue | 39 APM | 1991 actions | 51:00)
7 Archmage
3 Summon Water Elemental
3 Brilliance Aura
1 Mass Teleport
1 Firelord
1 Summon Lava Spawn
» actions
| Assign group hotkey | 10 | |
| Basic commands | 122 | |
| Build / train | 176 | |
| Enter build submenu | 152 | |
| Enter hero's abilities submenu | 8 | |
| Give item / drop item | 5 | |
| Right click | 433 | |
| Select / deselect | 794 | |
| Select group hotkey | 48 | |
| Use ability | 243 | |
1991 total
» units
| Peasant | 38 | |
| Rifleman | 15 | |
| Goblin Shredder | 1 | |
| Goblin Zeppelin | 4 | |
| Priest | 13 | |
| Sorceress | 2 | |
| Spell Breaker | 3 | |
76 total
» upgrades
| Gunpowder | 3 | |
| Armor | 1 | |
| Masonry | 3 | |
| Long Rifles | 1 | |
| Magic Sentry | 1 | |
| Priest Training | 2 | |
| Lumber Harvesting | 1 | |
| Sorceress Training | 1 | |
13 total
» buildings
| Farm | 30 | |
| Altar of Kings | 2 | |
| Blacksmith | 1 | |
| Barracks | 2 | |
| Scout Tower | 92 | |
| Arcane Tower | 20 | |
| Town Hall | 5 | |
| Lumber Mill | 2 | |
| Guard Tower | 36 | |
| Keep | 2 | |
| Arcane Vault | 1 | |
| Arcane Sanctum | 3 | |
| Castle | 1 | |
| Gryphon Aviary | 2 | |
199 total
» build order
00:38 Farm
00:54 Altar of Kings
01:24 Blacksmith
01:38 Barracks
01:53 Barracks
02:07 Farm
02:18 Scout Tower
02:40 Scout Tower
02:48 Farm
03:01 Farm
03:54 Arcane Tower
03:54 Arcane Tower
03:54 Arcane Tower
03:55 Arcane Tower
03:55 Arcane Tower
04:59 Town Hall
05:03 Scout Tower
05:05 Scout Tower
05:06 Scout Tower
05:08 Scout Tower
05:25 Farm
05:29 Lumber Mill
05:35 Arcane Tower
05:37 Scout Tower
06:30 Arcane Tower
06:32 Farm
06:34 Scout Tower
07:13 Farm
07:14 Guard Tower
08:49 Keep
09:28 Town Hall
09:32 Scout Tower
09:32 Scout Tower
09:59 Arcane Vault
10:01 Scout Tower
10:02 Guard Tower
10:05 Scout Tower
10:29 Town Hall
10:33 Scout Tower
11:21 Scout Tower
11:24 Guard Tower
11:27 Scout Tower
11:55 Arcane Sanctum
12:01 Scout Tower
12:02 Arcane Tower
12:31 Arcane Tower
12:35 Scout Tower
13:32 Guard Tower
13:35 Farm
13:38 Arcane Tower
13:39 Scout Tower
13:40 Scout Tower
13:40 Scout Tower
13:41 Scout Tower
13:41 Scout Tower
15:23 Farm
15:29 Arcane Tower
15:31 Guard Tower
16:08 Arcane Sanctum
19:32 Castle
19:38 Farm
21:50 Gryphon Aviary
21:53 Gryphon Aviary
22:44 Scout Tower
22:48 Scout Tower
22:51 Scout Tower
22:57 Scout Tower
23:45 Guard Tower
23:53 Scout Tower
23:54 Scout Tower
23:55 Guard Tower
23:58 Scout Tower
24:00 Guard Tower
24:02 Scout Tower
24:03 Scout Tower
24:05 Scout Tower
24:19 Town Hall
24:23 Scout Tower
24:23 Scout Tower
24:23 Scout Tower
24:29 Scout Tower
24:31 Guard Tower
24:50 Guard Tower
24:58 Guard Tower
25:00 Scout Tower
25:02 Scout Tower
25:05 Guard Tower
25:09 Scout Tower
25:12 Scout Tower
25:15 Guard Tower
25:17 Scout Tower
25:28 Guard Tower
25:30 Scout Tower
25:33 Scout Tower
25:35 Scout Tower
25:38 Scout Tower
25:40 Scout Tower
25:42 Guard Tower
25:50 Scout Tower
25:52 Arcane Tower
26:09 Scout Tower
26:24 Scout Tower
26:26 Scout Tower
26:27 Scout Tower
26:35 Scout Tower
26:37 Scout Tower
26:38 Scout Tower
26:38 Scout Tower
26:39 Scout Tower
26:42 Arcane Tower
26:46 Scout Tower
27:01 Guard Tower
27:04 Scout Tower
27:06 Guard Tower
27:08 Scout Tower
27:12 Guard Tower
27:14 Scout Tower
27:16 Guard Tower
27:28 Scout Tower
27:30 Scout Tower
27:53 Guard Tower
27:53 Guard Tower
27:53 Guard Tower
27:53 Guard Tower
28:06 Guard Tower
28:06 Guard Tower
28:36 Guard Tower
28:42 Scout Tower
28:45 Scout Tower
28:50 Scout Tower
28:51 Scout Tower
28:55 Scout Tower
29:02 Scout Tower
29:03 Scout Tower
29:16 Arcane Tower
29:18 Scout Tower
29:23 Scout Tower
29:25 Arcane Tower
29:26 Scout Tower
29:53 Arcane Tower
29:58 Lumber Mill
30:03 Scout Tower
30:07 Arcane Tower
30:10 Farm
30:17 Farm
30:21 Scout Tower
30:27 Farm
30:44 Town Hall
30:58 Arcane Tower
31:32 Scout Tower
32:05 Scout Tower
32:07 Guard Tower
32:38 Farm
32:39 Guard Tower
34:24 Scout Tower
34:29 Scout Tower
34:40 Scout Tower
34:44 Scout Tower
34:55 Guard Tower
34:58 Scout Tower
35:10 Guard Tower
35:15 Farm
35:17 Arcane Tower
35:23 Farm
35:28 Guard Tower
35:59 Scout Tower
36:14 Scout Tower
36:16 Scout Tower
37:31 Guard Tower
37:44 Scout Tower
38:03 Scout Tower
38:07 Keep
38:13 Guard Tower
38:14 Scout Tower
38:39 Scout Tower
38:44 Guard Tower
38:52 Farm
38:54 Farm
38:56 Farm
39:11 Farm
39:40 Guard Tower
39:51 Farm
39:52 Farm
40:08 Scout Tower
41:55 Scout Tower
42:00 Scout Tower
42:02 Scout Tower
42:29 Arcane Tower
43:13 Arcane Sanctum
43:37 Altar of Kings
44:53 Farm
45:00 Farm
45:08 Farm
45:42 Farm
46:07 Farm
46:50 Farm
48:03 Farm
48:26 Farm
» items
| Scroll of Regeneration | 2 | |
| Scroll of Town Portal | 4 | |
| Potion of Healing | 1 | |
| Potion of Mana | 2 | |
| Scroll of Healing | 2 | |
| Potion of Lesser Invulnerability | 2 | |
| Scroll of Protection | 1 | |
| Scroll of Speed | 1 | |
15 total
BATSHI.TCRAZY (
teal | 14 APM | 817 actions | 58:45)
5 Warden
3 Shadow Strike
2 Fan of Knives
» actions
| Build / train | 65 | |
| Enter build submenu | 18 | |
| Enter hero's abilities submenu | 5 | |
| Give item / drop item | 1 | |
| Right click | 340 | |
| Select / deselect | 342 | |
| Use ability | 46 | |
817 total
» units
» upgrades
| Strength of the Wild | 3 | |
| Ultravision | 1 | |
| Corrosive Breath | 1 | |
| Reinforced Hides | 3 | |
8 total
» buildings
| Ancient of War | 1 | |
| Moon Well | 8 | |
| Tree of Life | 1 | |
| Tree of Ages | 1 | |
| Altar of Elders | 1 | |
| Ancient of Wonders | 1 | |
| Hunter's Hall | 1 | |
| Tree of Eternity | 1 | |
| Ancient of Wind | 1 | |
| Chimaera Roost | 3 | |
19 total
» build order
00:05 Ancient of War
00:19 Moon Well
01:53 Tree of Life
02:59 Tree of Ages
03:03 Altar of Elders
03:28 Ancient of Wonders
04:13 Hunter's Hall
05:17 Moon Well
05:21 Tree of Eternity
05:25 Ancient of Wind
05:45 Moon Well
06:50 Moon Well
07:08 Moon Well
07:58 Chimaera Roost
08:02 Chimaera Roost
08:12 Chimaera Roost
09:03 Moon Well
09:37 Moon Well
10:02 Moon Well
» items
| Scroll of Healing | 2 | |
| Boots of Speed | 1 | |
| Circlet of Nobility | 1 | |
| Scroll of Town Portal | 1 | |
5 total
Chat log
(02:02 / All) JaguarPaw: My fave high level hero is Warden
(02:11 / All) JaguarPaw: ya'lls?
(02:17 / All) BATSHI.TCRAZY: mine is ur mom
(02:18 / All) JaguarPaw: ASL every1
(02:31 / All) JaguarPaw: You shall regret your comments, sir
(02:51 / All) JaguarPaw: My mother is a virtuous women
(02:53 / All) BATSHI.TCRAZY: her level six ability is the suction of a 100 feet
(02:58 / All) JaguarPaw: You are a fat white nerd
(03:11 / All) BATSHI.TCRAZY: im ur dad
(03:21 / All) JaguarPaw: you haven't had pussy since pussy had you
(03:23 / All) JaguarPaw: unlikely
(03:23 / All) LoSeR.: THATS DEEP
(03:35 / All) BATSHI.TCRAZY: i fuked u in the ass
(03:41 / All) BATSHI.TCRAZY: pussy bitch
(04:30 / Allies) AngelwingXVI: shit
(04:40 / Allies) LoSeR.: i blame yellow
(04:51 / Allies) AngelwingXVI: i know. thanks obama
(08:31 / All) JaguarPaw: raped pussy
(08:32 / Allies) LoSeR.: got web red?
(08:47 / All) BATSHI.TCRAZY: ya it was just like that with ur mom
(08:57 / All) BATSHI.TCRAZY: uncanny
(09:01 / All) JaguarPaw: me > you
(09:49 / Allies) AngelwingXVI: wait
(09:56 / Allies) AngelwingXVI: ok good
(11:41 / Allies) AngelwingXVI: wood plz
(12:13 / Allies) AngelwingXVI: wood plz?
(12:50 / All) Poz: wow green you suck
(12:50 / All) Poz: LOL
(13:42 / Allies) AngelwingXVI: green for real?
(14:12 / All) Poz: Green is horrible lol
(14:16 / All) Poz: green is a joke player
(15:11 / Allies) AngelwingXVI: anyone/!?
(15:15 / Allies) AngelwingXVI: OMG REALLY?!
(15:21 / All) Poz: lmao
(15:24 / Allies) AngelwingXVI: yellow you have a port item USE IT
(15:55 / All) JaguarPaw: teal
(15:55 / All) BATSHI.TCRAZY: so u got mh
(15:57 / All) JaguarPaw: just uninstall
(16:11 / All) JaguarPaw: you lead me to your hsit
(16:15 / All) JaguarPaw: with your 3 straggler chims stupid
(16:33 / All) LoSeR.: i could put my maphack back in o.o
(16:56 / All) Poz: Green blows big time
(17:01 / All) LoSeR.: :D
(17:16 / Allies) LoSeR.: not really paying atention so it dont matter
(17:19 / All) Poz: nothing to smile about lol
(17:21 / All) Poz: you got raped
(17:36 / All) LoSeR.: Not paying attention, and this account is all about losses so its okay
(17:48 / All) Poz: sure
(17:49 / All) Poz: LOL
(17:58 / All) Poz: it's all about losses because you got raped
(17:59 / All) LoSeR.: Na i got a worse account Cxc
(17:59 / All) Poz: lmao
(18:02 / All) Poz: you're not trying
(18:04 / All) Poz: haha good one
(18:09 / All) Poz: I can believe you got a worse one
(18:14 / All) LoSeR.: Truly im not Cx
(18:25 / All) LoSeR.: if i was trying i would have towered
(18:35 / All) JaguarPaw: chim noob got lucky
(18:40 / All) Poz: sure lol
(18:59 / All) Poz: I raped you with just a bm
(19:05 / All) LoSeR.: And?
(19:09 / All) Poz: lmao
(19:34 / All) LoSeR.: I aint that stupid seriously bro, You think your all badass and shit Cx You make me laugh bruh
(19:44 / All) Poz: I'm sure you're laughing
(20:54 / All) LoSeR.: Cx
(21:39 / Allies) JaguarPaw: repair...
(21:47 / Allies) JaguarPaw: repairyellow
(21:48 / Allies) JaguarPaw: repiar
(21:49 / Allies) JaguarPaw: repair
(21:49 / Allies) JaguarPaw: repair
(21:50 / Allies) JaguarPaw: repair
(21:56 / Allies) JaguarPaw: YOU KNOW HE:S GONNA DO
(21:57 / Allies) JaguarPaw: that
(21:59 / Allies) JaguarPaw: WHY DONT YOU REPAIR>!?
(22:08 / Allies) JaguarPaw: unmoutn
(27:58 / All) Poz: I thought blue would be hard to tk because he had so many expos
(28:00 / All) Poz: and has level 6 am
(28:05 / All) Poz: but he blows ass
(28:12 / All) BATSHI.TCRAZY: nice haveing mh huh
(28:20 / All) BATSHI.TCRAZY: purple
(28:28 / All) BATSHI.TCRAZY: u must be blowing oj
(28:35 / All) LoSeR.: Cx
(28:42 / All) JaguarPaw: only one here that blows is you on your daddy
(28:42 / All) BATSHI.TCRAZY: yall but pirates
(28:43 / All) LoSeR.: Mh's are fun
(29:00 / All) BATSHI.TCRAZY: fuku green u carried turd
(29:06 / All) JaguarPaw: LOL
(29:09 / All) LoSeR.: Cx
(29:11 / All) JaguarPaw: how many times I rape you stupid
(29:12 / All) BATSHI.TCRAZY: i would beat you to death
(29:36 / All) BATSHI.TCRAZY: purple oj tked and you map haxs
(29:49 / All) BATSHI.TCRAZY: you are a very shitty person
(29:55 / All) JaguarPaw: you led me right to your chims stupid
(30:01 / All) BATSHI.TCRAZY: no
(30:02 / All) JaguarPaw: like you're a good person?
(30:07 / All) JaguarPaw: straight to the mom jokes lel
(30:08 / All) BATSHI.TCRAZY: im great
(30:18 / All) JaguarPaw: for a simple and friendly question
(30:18 / All) BATSHI.TCRAZY: ya there not joked
(30:27 / All) BATSHI.TCRAZY: there true stories
(30:28 / All) JaguarPaw: they are jokes virgin
(30:35 / All) BATSHI.TCRAZY: your mom is a whore
(30:43 / All) JaguarPaw: I love it
(30:49 / All) JaguarPaw: whine about not being a "good perosn"
(31:00 / All) BATSHI.TCRAZY: but you probly suk more dik than she does
(31:04 / All) JaguarPaw: you're cool till you're getting your ass beat
(31:07 / All) JaguarPaw: then it's time for the excuses
(31:09 / All) JaguarPaw: and whine
(31:10 / All) JaguarPaw: pussy
(31:23 / All) BATSHI.TCRAZY: you have a weak charachter
(31:32 / All) JaguarPaw: u do
(31:34 / All) LoSeR.: And so do you Cx
(31:36 / All) JaguarPaw: and you suck at this game
(31:47 / All) BATSHI.TCRAZY: stfu green i hate u pos
(32:03 / All) LoSeR.: Everyone on this game is judgemental Cx Like Bat
(32:36 / Allies) JaguarPaw: lumber and gold
(32:47 / Allies) LoSeR.: who u asking?
(32:50 / Allies) JaguarPaw: yellow
(33:20 / Allies) JaguarPaw: yellow
(33:20 / Allies) JaguarPaw: gold
(33:28 / Allies) JaguarPaw: green lumber
(33:37 / Allies) LoSeR.: i have nothing
(33:41 / Allies) JaguarPaw: yellow gold
(34:28 / All) Poz: Blue sucks so mcuh ass lawl
(34:31 / Allies) LoSeR.: Cx
(34:31 / All) Poz: has level 6 and doing nothing at all
(34:50 / All) BATSHI.TCRAZY: much like your iq
(34:59 / All) LoSeR.: Cx
(35:04 / All) JaguarPaw: nice one, makes no sense
(35:06 / All) JaguarPaw: but nice one
(35:30 / All) BATSHI.TCRAZY: purple go back to the project and selling dope please
(35:41 / All) JaguarPaw: go back to ur basement
(36:00 / All) BATSHI.TCRAZY: i live in the south stuip ass we dont have basements
(36:07 / All) Poz: what part of the south
(36:13 / All) JaguarPaw: go back to your ghetto hovel
(36:18 / All) BATSHI.TCRAZY: louisiana
(36:33 / All) Poz: how many alligators you eat for lunch
(36:54 / All) BATSHI.TCRAZY: i have 3000 sf 4br 2 br house no basement
(37:11 / All) Poz: yellow is a great player
(37:20 / All) JaguarPaw: gold hogger
(37:31 / Allies) LoSeR.: cx
(38:05 / All) BATSHI.TCRAZY: i w
(39:21 / Allies) LoSeR.: damn bruh
(39:29 / All) LoSeR.: Got enough towers tehre blue
(40:16 / All) Poz: Blue is such trash lol
(40:19 / All) Poz: said nothing all game either
(40:26 / All) Poz: he's like a mass tower and idle AI
(40:37 / All) Poz: Blue afraid to leave his towers
(41:23 / All) Poz: Blue is russian apparently
(41:25 / All) Poz: and whispering teal
(41:42 / All) JaguarPaw: noobs of a feather flock together
(44:39 / Allies) JaguarPaw: 1w
(44:57 / Allies) LoSeR.: ?
(44:58 / All) Poz: noob
(45:14 / All) BATSHI.TCRAZY: hes franticly whispering me now
(45:19 / All) Poz: ooveedeemsya pal
(46:49 / All) JaguarPaw: JERUSALEM HAS FALLEN
(48:09 / All) Poz: gonna get trihero for staffs
(48:27 / All) JaguarPaw: no frost breath
(48:30 / All) JaguarPaw: what degeneracy is this
(48:43 / Allies) LoSeR.: getting it
(49:28 / Allies) LoSeR.: 8k gold Cx
(51:19 / All) JaguarPaw: fucking mudslime
(51:21 / All) JaguarPaw: mess with the best
(51:23 / All) JaguarPaw: die like the rest
(51:29 / All) Poz: Russian muslim trash
(53:14 / All) LoSeR.: Cx
(53:24 / All) LoSeR.: Just kill em all purple
(53:33 / All) LoSeR.: i was having fun trying to build an army
(54:23 / Allies) LoSeR.: 10k gold Cx
(54:51 / All) Poz: From where you're kneeling it must look like an 18-karat run of bad luck
(54:53 / All) Poz: but the truth is
(54:56 / All) Poz: the game was rigged from the start
(56:45 / All) JaguarPaw: Teal has no manners
(56:49 / All) JaguarPaw: Now he loses
(56:50 / All) JaguarPaw: Karma
(57:05 / All) BATSHI.TCRAZY: go choke on more cock camel fukker
(57:10 / All) Poz: You lose teal
(57:11 / All) Poz: out
(57:17 / All) JaguarPaw: One should never insult the dragon master
(57:20 / All) BATSHI.TCRAZY: go to hell nigger
(57:50 / All) Poz: endurance aura makes zepps a lot fasetr lawl
(58:38 / All) Poz: Any last words swamp nigger?
(58:39 / All) JaguarPaw: Up yours uncouth lout